 Dungeon Crawl Stone Soup version 0.22-a0-192-g6ffc940 (webtiles) character file.

13 4thArraOfDagon the Scratcher (level 2, 0/11 HPs)
             Began as a Felid Wanderer on Feb 16, 2018.
             Slain by a hound (2 damage)
             ... on level 4 of the Dungeon.
             The game lasted 00:03:17 (578 turns).

4thArraOfDagon the Scratcher (Felid Wanderer)        Turns: 578, Time: 00:03:18

Health: 0/11       AC:  1    Str:  7    XL:     2   Next: 24%
Magic:  4/4        EV: 16    Int: 16    God:
Gold:   78         SH:  0    Dex: 13    Spells: 2/3 levels left
                                        Lives:  0   Deaths: 0

rFire    . . .     SeeInvis +     - Unarmed
rCold    . . .     Gourm    .   (shield unavailable)
rNeg     . . .     Faith    .   (armour unavailable)
rPois    .         Spirit   .   (helmet unavailable)
rElec    .         Reflect  .   (cloak unavailable)
rCorr    .         Harm     .   (gloves unavailable)
MR       .....                  (boots unavailable)
Stlth    ++........             (no amulet)
HPRegen  0.03/turn              (no ring)
MPRegen  0.09/turn              (no ring)

@: quick
A: very small, no armour, no weapons or thrown items, stealth, claws 1, fangs 3,
see invisible, carnivore, speed 1, shaggy fur 1, slow metabolism 1, sharp paws
a: no special abilities


You were on level 4 of the Dungeon.
You were very full.

You visited 1 branch of the dungeon, and saw 4 of its levels.

You collected 78 gold pieces.

Inventory:

Books
 a - a book of Geomancy

   Spells                             Type                      Level
   a - Sandblast                      Earth                        1
   b - Passwall                       Transmutation/Earth          2
   c - Stone Arrow                    Conjuration/Earth            3
   d - Petrify                        Transmutation/Earth          4
   e - Lee's Rapid Deconstruction     Earth                        5
Comestibles
 c - 2 rations


   Skills:
 * Level 1.3 Dodging
 * Level 1.4 Stealth
 - Level 5.0 Unarmed Combat
 - Level 1.0 Spellcasting
   Level 2.1 Transmutations
 * Level 0.9 Earth Magic
   Level 2.1 Evocations


You had 2 spell levels left.
You knew the following spells:

 Your Spells              Type           Power        Failure   Level  Hunger
a - Sandblast             Erth           #.....       16%         1    ##.....


Dungeon Overview and Level Annotations

Branches:
Dungeon (4/15)
 Temple: D:4-7

Altars:
Ashenzari
Uskayaw


Innate Abilities, Weirdness & Mutations

You cannot wear armour.
You are incapable of wielding weapons or throwing items.
Your paws allow you to move quietly. (Stealth)
You have sharp claws.
You have razor-sharp teeth.
You have supernaturally acute eyesight. (SInv)
You are carnivorous and can eat meat at any time.
You cover ground quickly.
You are covered in fur. (AC +1)
You have a slow metabolism.
Your sharp claws are effective at attacking unaware monsters.


Message History

The hound bites you. The hound bites you but does no damage.
You miss the hound.
The hound is moderately wounded.
The hound misses you.
You feel better. The hound bites you. x2
You closely miss the hound. Your bite misses the hound.
The hound is moderately wounded.
The hound completely misses you.
You scratch the hound but do no damage. You bite the hound, but do no damage.
The hound is moderately wounded.
The hound misses you.
You scratch the hound but do no damage.
The hound is moderately wounded.
The hound closely misses you. The hound bites you.
* * * LOW HITPOINT WARNING * * *
Unknown command.
You scratch the hound.
The hound is severely wounded.
The hound bites you.
You die...

.##.. #######..##.....
....##...........#...
##.##.....###.#####..
..........# #.# ##.
#.####.##.....# #.# ##
#..(...###....###.#
######............#
#...#####.##### .
#...@.....#
....##..h############.
......................
..#.####..............
# #...###...###. #...#
#...# #...# #...#
#............
##.............


You could see a hound.

Vanquished Creatures
  A ball python (D:1)
  A giant cockroach (D:3)
  2 goblins
  A hobgoblin (D:1)
  A quokka (D:4)
  A bat (D:2)
  3 kobolds
  2 rats
12 creatures vanquished.

Notes
Turn   | Place    | Note
-------+----------+-------------------------------------------
     0 | D:1      | 4thArraOfDagon the Felid Wanderer began the quest for the Orb.
     0 | D:1      | 4thArraOfDagon set off with: a book of Geomancy, a potion of curing, a ration
     0 | D:1      | Reached XP level 1. HP: 7/7 MP: 3/3
     6 | D:1      | Learned a level 1 spell: Sandblast
    85 | D:1      | Reached skill level 1 in Stealth
   175 | D:2      | Found a hide-covered altar of Uskayaw.
   195 | D:2      | Reached skill level 1 in Dodging
   202 | D:2      | Reached XP level 2. HP: 8/11 MP: 4/4
   506 | D:4      | Found a shattered altar of Ashenzari.
   578 | D:4      | Slain by a hound

Vault maps used:
D:1:      saegor_arrival_simple_e, minmay_misc_feat_plants
D:2:      overflow_temple_1_default, minmay_tetromino_s4
D:3:      nicolae_overflow_crystal_walls
D:4:      lemuel_round_altar, first_ration, kennysheep_boxes

Skill      XL: |  1 |
---------------+----+-----
Stealth        | 1 |  1.4
Dodging        | 1 |  1.3
Unarmed Combat | |  5.0
Spellcasting   | |  1.0
Transmutations | |  2.1
Earth Magic    | |  0.9
Evocations     | |  2.1

Action                   || total
-------------------------++-------
Melee: Unarmed           ||    35
       Bite              ||     2
  Use: Potion            ||     3
       Scroll            ||     2
 Stab: Sleeping          ||     5
  Eat: Chunk             ||     6
Armor: Skin              ||     1
Dodge: Dodged            ||    22

Table legend:
 A = Spawn XP
 B = Non-spawn XP
 C = Spawn XP percentage of total XP
 D = Spawn monster count
 E = Non-spawn monster count
 F = Spawn count percentage of total count
 G = Total turns spent on level
                    A         B        C        D         E        F      G
               +---------+---------+-------+---------+---------+-------+---------
         Total |       0 |      19 |   0.0 |       0 |      12 |   0.0 |   578
               +---------+---------+-------+---------+---------+-------+---------
           D:1 |       0 |       8 |   0.0 |       0 |       5 |   0.0 |   105
           D:2 |       0 |       6 |   0.0 |       0 |       4 |   0.0 |   225
           D:3 |       0 |       3 |   0.0 |       0 |       2 |   0.0 |   133
           D:4 |       0 |       2 |   0.0 |       0 |       1 |   0.0 |   115
               +---------+---------+-------+---------+---------+-------+---------
